 Dungeon Crawl Stone Soup version 0.20-a0-494-gf50ee04 (webtiles) character file.

166 nikopol the Skirmisher (level 5, -2/49 HPs)
             Began as a Gargoyle Berserker on Jan 17, 2017.
             Was a Believer of Trog.
             Killed by divine providence
             ... invoked by an orc priest
              (9 damage)
             ... on level 3 of the Dungeon.
             The game lasted 00:03:55 (2078 turns).

nikopol the Skirmisher (Gargoyle Berserker)         Turns: 2078, Time: 00:03:55

Health: -2/49      AC: 10    Str: 25    XL:     5   Next: 47%
Magic:  5/5        EV: 11    Int:  8    God:    Trog [**....]
Gold:   101        SH:  0    Dex: 10    Spells: 4/4 levels left

rFire    . . .     SeeInvis .   a - +0 hand axe
rCold    . . .     Gourm    .   e - +0 ring mail
rNeg     + . .     Faith    .   (no shield)
rPois    ∞         Spirit   .   (no helmet)
rElec    +         Reflect  .   (no cloak)
rCorr    .         Harm     .   (no gloves)
MR       .....                  k - +0 pair of boots
Stlth    ..........             (no amulet)
Regen    0.2/turn               (no ring)
                                (no ring)

@: berserking (expiring), very quick
A: negative energy resistance 1, electricity resistance, unbreathing,
petrification resistance, rot immunity, AC +4
a: Berserk, Trog's Hand, Burn Spellbooks, Renounce Religion


You were on level 3 of the Dungeon.
You worshipped Trog.
Trog was pleased with you.
You were hungry.

You visited 1 branch of the dungeon, and saw 3 of its levels.

You collected 101 gold pieces.

Inventory:

Hand Weapons
 a - a +0 hand axe (weapon)
Missiles
 o - 4 arrows
Armour
 b - a +0 animal skin
 e - a +0 ring mail (worn)
 k - a +0 pair of boots (worn)
Scrolls
 d - a scroll of magic mapping {unknown}
 f - 2 scrolls of identify {unknown}
 h - a scroll of fog {unknown}
 n - a scroll of teleportation {unknown}
 q - a scroll of enchant armour {unknown}
 r - a scroll of remove curse {unknown}
 s - a scroll of fear {unknown}
Potions
 g - a potion of heal wounds {unknown}
 i - a potion of lignification {unknown}
 l - a potion of degeneration {unknown}
 m - 2 potions of haste {unknown}
 p - a potion of cure mutation {unknown}
Comestibles
 c - 4 bread rations
 j - a meat ration


   Skills:
 + Level 4.2 Fighting
 + Level 3.6 Axes
 + Level 3.5 Armour
 + Level 2.5 Dodging


You had 4 spell levels left.
You didn't know any spells.

Dungeon Overview and Level Annotations

Branches:
Dungeon (3/15)

Altars:


Innate Abilities, Weirdness & Mutations

You are resistant to torment.
Your stone body is resilient. (AC +4)
You are immune to poison.
You resist negative energy. (rN+)
You are resistant to electric shocks. (rElec)
You can survive without breathing.
You are immune to petrification.
You are immune to rotting.


Message History

You are feeling hungry.
The orc priest hits you but does no damage.
The orc hits you but does no damage.
You hit the orc priest.
The orc priest is lightly wounded.
You hit the orc.
You kill the orc!
Trog accepts your kill.
The orc priest hits you with an enchanted dagger.
* * * LOW HITPOINT WARNING * * *
You completely miss the orc priest.
The orc priest is lightly wounded.
You hit the orc priest.
The orc priest is lightly wounded.
The orc priest hits you but does no damage.
You closely miss the orc priest.
The orc priest is lightly wounded.
The orc priest calls down the wrath of Beogh upon you.
Beogh smites you!
You die...

#.# #.# #.#
#.#
#########.#
##.##
..≈.......#
##...#
..≈.......#
#.....
.≈≈≈≈...###
####...#
..≈.......#
#........
..≈...#...#
..####.##
..≈≈≈+#@###
#.# #....
#)o...# #.#
#...
#.....# #.
#...
###...# #.
#.. ...# #.
...# #..
...


You could see an orc priest.

Vanquished Creatures
  4 gnolls (D:3)
  6 adders
  2 worms (D:2)
  A leopard gecko (D:1)
  3 orcs (D:3)
  A ball python (D:2)
  5 bats
  2 giant cockroaches (D:2)
  12 goblins
  7 hobgoblins
  4 jackals (D:2)
  5 kobolds
  6 frilled lizards
  6 rats
64 creatures vanquished.

Notes
Turn   | Place    | Note
-------+----------+-------------------------------------------
     0 | D:1      | nikopol the Gargoyle Berserker began the quest for the Orb.
     0 | D:1      | Reached XP level 1. HP: 14/14 MP: 1/1
   221 | D:1      | Reached XP level 2. HP: 18/19 MP: 2/2
   593 | D:1      | Reached XP level 3. HP: 23/23 MP: 3/3
   719 | D:2      | Reached ** piety under Trog
   874 | D:2      | Reached XP level 4. HP: 29/29 MP: 4/4
  1483 | D:2      | Reached skill level 4 in Fighting
  1769 | D:3      | Reached XP level 5. HP: 25/33 MP: 5/5
  2078 | D:3      | Killed from afar by an orc priest

Vault maps used:
D:1:      tarquinn_simple_flora_water_a
D:3:      first_bread, hangedman_ru_absence

Skill      XL: |  1  2  3  4 |
---------------+-------------+-----
Axes           | 3 |  3.6
Dodging        | 2 |  2.5
Armour         | 3 |  3.5
Fighting       | 4 |  4.2

Action                   |  1- 3 |  4- 6 || total
-------------------------+-------+-------++-------
Melee: Hand axe          |    99 |   121 ||   220
Invok: Berserk           |     1 |     2 ||     3
  Eat: Chunk             |     1 |     5 ||     6
Armor: Ring mail         |    49 |    73 ||   122
       Animal skin       |     1 |       ||     1
Dodge: Dodged            |    73 |    83 ||   156
